 Dungeon Crawl Stone Soup version 0.27-a0-1191-g601b473118 (webtiles) character file.

Game seed: 14503919862834840101

181 Feb132020 the Poker (level 5, -4/42 HPs)
             Began as a Merfolk Monk on May 24, 2021.
             Was a Priest of Dithmenos.
             Slain by a scorpion (7 damage)
             ... on level 4 of the Dungeon.
             The game lasted 00:09:01 (2842 turns).

Feb132020 the Poker (Merfolk Monk)                  Turns: 2842, Time: 00:09:01

Health: -4/42      AC:  2    Str: 12    XL:     5   Next: 61%
Magic:  5/5        EV: 14    Int: 10    God:    Dithmenos [***...]
Gold:   116        SH:  0    Dex: 16    Spells: 4/4 levels left

rFire    . . .     SeeInvis .   a - +0 spear
rCold    . . .     Faith    .   (no shield)
rNeg     . . .     Spirit   .   b - +0 robe
rPois    .         Reflect  .   (no helmet)
rElec    .         Harm     .   (no cloak)
rCorr    .         Rampage  .   (no gloves)
Will     .....                  (no boots)
Stlth    +++.......             (no amulet)
HPRegen  0.14/turn              (no ring)
MPRegen  0.09/turn              (no ring)

@: lethally poisoned (-4 -> -15), wreathed by umbra
A: (nimble swimmer 2), mertail
a: Renounce Religion, Shadow Step


You were on level 4 of the Dungeon.
You worshipped Dithmenos.
Dithmenos was most pleased with you.
You visited 1 branch of the dungeon, and saw 4 of its levels.

You collected 116 gold pieces.

Inventory:

Hand Weapons
 a - a +0 spear (weapon)
Armour
 b - a +0 robe (worn)
Magical Staves
 c - a staff of cold
Wands
 f - a wand of iceblast (11)
Scrolls
 e - a scroll of teleportation {unknown}
 g - a scroll of identify
 i - a scroll of blinking {unknown}
 j - a scroll of silence {unknown}
Potions
 d - a potion of curing
 h - 3 potions of mutation {unknown}


   Skills:
 + Level 4.1 Fighting
 + Level 6.5 Polearms
 + Level 4.8 Dodging
 + Level 3.9 Stealth


You had 4 spell levels left.
You didn't know any spells.
Your spell library was empty.

Dungeon Overview and Level Annotations

Branches:
Dungeon (4/15)
 Temple: D:4-7

Altars:
Dithmenos
Fedhas
Qazlal

Shops:
D:2 *


Innate Abilities, Weirdness & Mutations

((You are quick and stealthy near water. (Stealth+, EV+, Speed+++)))
Your lower body shifts to a powerful aquatic tail in water.


Message History

You open the door.
There is an open door here.
Found 14 poisoned darts.
You reach to attack!
You hit the scorpion.
The scorpion is lightly wounded.
You hit the scorpion but do no damage.
The scorpion is lightly wounded.
The scorpion stings you!
You are poisoned.
The scorpion poisons you!
You hit the scorpion.
The scorpion is moderately wounded.
You feel sick. The scorpion stings you.
You hit the scorpion but do no damage.
The scorpion is moderately wounded.
You feel sick. The scorpion barely misses you.
You hit the scorpion.
The scorpion is moderately wounded.
You feel sick. The scorpion stings you.
You are more poisoned.
The scorpion poisons you!
You hit the scorpion but do no damage.
The scorpion is moderately wounded.
You feel sick. The scorpion stings you.
You are lethally poisoned!
The scorpion poisons you!
You hit the scorpion but do no damage.
The scorpion is moderately wounded.
You feel very sick.
You hit the scorpion.
The scorpion is heavily wounded.
* * * LOW HITPOINT WARNING * * *
You feel sick. The scorpion stings you.
* * * LOW HITPOINT WARNING * * *
You hit the scorpion but do no damage.
The scorpion is heavily wounded.
* * * LOW HITPOINT WARNING * * *
You feel very sick. The scorpion stings you!
You die...

#..........
####..........
##..#..>..###+#
#...#.....#
#...'.....#
##..#.....#
#..#.....#
#..#.....#
####@....#
......s##+###
....... .......
....... .(.....
....... #######


You could see a scorpion.

Vanquished Creatures
  A howler monkey (D:4)
  A hound (D:4)
  An iguana (D:4)
  A gnoll (D:1)
  An adder (D:2)
  An orc (D:3)
  11 bats
  4 endoplasms
  5 goblins
  9 hobgoblins
  8 jackals
  A quokka (D:2)
  6 ball pythons
  4 frilled lizards
  7 kobolds
  A quokka skeleton (D:4)
  4 rats
66 creatures vanquished.

Vanquished Creatures (others)
  18 fungi (D:4)
  4 plants (D:4)
22 creatures vanquished.

Grand Total: 88 creatures vanquished

Notes
Turn   | Place    | Note
-------+----------+-------------------------------------------
     0 | D:1      | Feb132020 the Merfolk Monk began the quest for the Orb.
     0 | D:1      | Reached XP level 1. HP: 18/18 MP: 1/1
   240 | D:1      | Reached XP level 2. HP: 21/24 MP: 2/2
   471 | D:1      | Reached skill level 5 in Polearms
   476 | D:1      | Reached XP level 3. HP: 16/30 MP: 3/3
   840 | D:2      | Found Ellump's General Store.
  1494 | D:2      | Reached XP level 4. HP: 27/37 MP: 4/4
  2036 | D:3      | Noticed an ice beast
  2127 | D:3      | Found a faded altar of an unknown god.
  2138 | D:3      | Became a worshipper of Dithmenos the Shadowed
  2138 | D:3      | Reached * piety under Dithmenos
  2138 | D:3      | Reached ** piety under Dithmenos
  2206 | D:3      | You fall into a shaft and drop 1 floor!
  2363 | D:4      | Reached skill level 6 in Polearms
  2405 | D:4      | Reached XP level 5. HP: 32/42 MP: 5/5
  2686 | D:4      | Reached *** piety under Dithmenos
  2757 | D:4      | Found a stormy altar of Qazlal.
  2767 | D:4      | Found a blossoming altar of Fedhas.
  2842 | D:4      | Slain by a scorpion

Illustrated notes

Levels and vault maps discovered:
D:1:      scummos_arrival_simple_crosswalls, layout_rooms,
          serial_park_tiny_pond, chequers_serial_rivers_small_3
D:2:      layout_basic, serial_shops, shop
D:3:      layout_loops_ring, chequers_temple_overflow_statue_of_worship,
          ebering_ecumenical_altar_abandoned
D:4:      old_forge, layout_gridville, grunt_temple_overflow_forces_of_nature,
          gammafunk_temple_overflow_wave

Skill      XL: |  1  2  3  4 |
---------------+-------------+-----
Polearms       | 5 6 |  6.5
Stealth        | 3 |  3.9
Fighting       | 4 |  4.1
Dodging        | |  4.8

Action                   |  1- 3 |  4- 6 || total
-------------------------+-------+-------++-------
Melee: Spear             |   144 |   144 ||   288
  Use: Scroll            |     2 |       ||     2
 Stab: Sleeping          |     6 |     8 ||    14
       Distracted        |       |     1 ||     1
Armor: Robe              |    10 |     7 ||    17
Dodge: Dodged            |    58 |    77 ||   135

Table legend: (Time is in decaauts)
 A = Elapsed time spent in this place.
 B = Non-inter-level travel time spent in this place.
 C = Inter-level travel time spent in this place.
 D = Time resting spent in this place.
 E = Time spent auto-exploring this place.
 F = Levels seen in this place.
 G = Mean time per level.
                   A        B        C        D        E       F      G
               +--------+--------+--------+--------+--------+-----+--------+
         Total |   2781 |   2699 |     82 |      0 |   2141 |   4 |  695.2 |
       Dungeon |   2781 |   2699 |     82 |      0 |   2141 |   4 |  695.2 |
               +--------+--------+--------+--------+--------+-----+--------+

Top non-repeatable levels by time:
     D:2: 939 daAuts
     D:1: 795 daAuts
     D:4: 616 daAuts
     D:3: 430 daAuts
